 Dungeon Crawl Stone Soup version 0.30.0-29-ga12c61a403 (webtiles) character file.

Game seed: 14729714115951699475

5930 seaoflcl the Basher (level 10, -2/90 HPs)
             Began as a Minotaur Fighter on June 11, 2023.
             Was a Believer of Okawaru.
             Slain by a komodo dragon (15 damage)
             ... on level 1 of the Lair of Beasts.
             The game lasted 00:10:53 (7958 turns).

seaoflcl the Basher (Minotaur Fighter)              Turns: 7958, Time: 00:10:54

Health: -2/90      AC: 22    Str: 26    XL:     10   Next: 54%
Magic:  7/9        EV: 14    Int:  5    God:    Okawaru [**....]
Gold:   592        SH:  7    Dex: 11    Spells: 9/9 levels left

rFire   . . .        s - +7 mace of Evoemu {drain, Str+2}
rCold   . . .        c - +0 buckler
rNeg    . . .        n - +0 plate armour
rPois   +            (helmet restricted)
rElec   .            C - +0 cloak {rPois}
rCorr   .            B - +1 pair of gloves
SInv    .            p - +0 pair of boots
Will    .....        (no amulet) Stlth
                     b - +5 ring of evasion
HPRegen 0.35/turn    (no ring)
MPRegen 0.11/turn

%: no passive effects
@: mighty, heroic
A: horns 2, retaliatory headbutt
a: Renounce Religion, Heroism


You were on level 1 of the Lair of Beasts.
You worshipped Okawaru.
Okawaru was pleased with you.
You visited 3 branches of the dungeon, and saw 10 of its levels.

You collected 592 gold pieces.

Inventory:

Hand Weapons
 a - a +0 war axe
 s - the +7 mace of Evoemu (weapon) {drain, Str+2}
   (You found it on level 3 of the Dungeon)

   Str:       It affects your strength (+2).
 E - a +5 falchion
 F - a +5 mace
Missiles
 r - 4 boomerangs (quivered)
 z - 17 poisoned darts
 D - a throwing net
 G - 2 atropa-tipped darts
Armour
 c - a +0 buckler (worn)
 n - a +0 plate armour (worn)
 p - a +0 pair of boots (worn)
 B - a +1 pair of gloves (worn)
 C - a +0 cloak of poison resistance (worn)
Jewellery
 b - a +5 ring of evasion (left hand)
 K - a ring of magical power
Wands
 w - a wand of digging (5)
 I - a wand of roots (6)
Scrolls
 d - a scroll of vulnerability
 g - a scroll of fog
 k - 2 scrolls of immolation
 o - a scroll of blinking
 t - a scroll of enchant armour
 v - 2 scrolls of silence
 x - 2 scrolls of teleportation
 y - a scroll of enchant weapon
 H - a scroll of summoning
Potions
 e - a potion of invisibility
 f - 4 potions of curing
 h - 2 potions of mutation {unknown}
 i - a potion of magic {unknown}
 j - 2 potions of degeneration {unknown}
 m - 4 potions of haste {unknown}
 q - a potion of cancellation {unknown}
 u - a potion of brilliance
 A - a potion of heal wounds {unknown}
 J - a potion of attraction {unknown}


   Skills:
 + Level 8.7(13.7) Fighting
 - Level 4.9(13.3) Axes
 * Level 10.4(15.8) Maces & Flails
 + Level 5.8(10.8) Throwing
 + Level 8.7(13.7) Armour
 + Level 8.6(13.6) Shields


You had 9 spell levels left.
You didn't know any spells.
Your spell library contained the following spells:

 Spells                   Type           Power      Damage    Failure   Level
 Kiss of Death            Conj/Necr      0%         2d5       99%         1
 Blink                    Tloc           0%         N/A       100%        2
 Sublimation of Blood     Necr           0%         N/A       100%        2
 Wereblood                Tmut           0%         N/A       100%        2
 Confusing Touch          Hex            0%         N/A       100%        3
 Hailstorm                Conj/Ice       0%         3d3       100%        3
 Dispel Undead            Necr           0%         3d6       100%        4
 Ice Form                 Ice/Tmut       0%         N/A       100%        4
 Manifold Assault         Tloc           0%         N/A       100%        4
 Storm Form               Tmut/Air       0%         N/A       100%        7
 Simulacrum               Ice/Necr       Unusable   N/A       N/A         6
 Summon Hydra             Summ           Unusable   N/A       N/A         7

Dungeon Overview and Level Annotations

Branches:
Dungeon (8/15)             Temple (1/1) D:7            Lair (1/5) D:8

Altars:
Ashenzari
Dithmenos
Fedhas
Gozag
Hepliaklqana
Makhleb
Nemelex Xobeh
Okawaru
Ru
Sif Muna
Trog
Uskayaw
Xom
The Shining One

Shops:
D:2 [

Annotations:
D:8 exclusion: ice statue
Lair:1 2 transporters, Firil's ghost, journeyman OpFE; Maggie; Nergalle


Innate Abilities, Weirdness & Mutations

You have a pair of horns on your head.
You reflexively headbutt those who attack you in melee.


Message History

The wolf bites you but does no damage. The wolf misses you.
You furiously retaliate!
You headbutt the wolf.
Maggie gestures wildly while chanting.
Maggie attempts to bespell you! You resist with some effort.
You block the wolf's attack.
The killer bee buzzes angrily.
You bludgeon the wolf!!
You kill the wolf!
Okawaru accepts your kill.
You hear an angry buzzing noise. x3
The wolf bites you.
* * * LOW HITPOINT WARNING * * *
You closely miss the wolf. The wolf barely misses you. You furiously retaliate!
You headbutt the wolf! The cane toad barely misses you. The wolf bites you.
* * * LOW HITPOINT WARNING * * *
You feel very mighty all of a sudden. The cane toad barely misses you.
You block the wolf's attack. You block the cane toad's attack.
Maggie gives herself a magical halo, but it quickly sputters out.
You gain the combat prowess of a mighty hero.
You block the wolf's attack. The wolf bites you but does no damage.
The cane toad misses you.
You sock the wolf!
You kill the wolf!
Okawaru accepts your kill.
The komodo dragon hisses menacingly.
The cane toad stings you but does no damage.
You sock the cane toad! You headbutt the cane toad!
The cane toad is severely wounded.
Maggie mumbles some strange words.
Maggie attempts to bespell you! You resist with almost no effort.
You barely miss the cane toad. You headbutt the cane toad!
You kill the cane toad!
Okawaru is honoured by your kill. The komodo dragon barely misses you.
You thump the komodo dragon! You drain the komodo dragon.
You headbutt the komodo dragon!!
The komodo dragon is almost dead.
The komodo dragon bites you!
You die...

.........#y.#
.........#$#.#.
.........##...#
....#....##.#.# ## #
....#P...##...# ..#
.# ....##...###y#
#y# #.#
...)##....#######
#..# ....#
#....###Y###..#
....####......Yl@..#
.....P#.....#.YY#.##
.......##.....@####
.......##......#
......h###....#..
..................
..................
.......$...........
..........h.Y


You could see Maggie, a komodo dragon (drained), 4 yaks and a meliai.

Vanquished Creatures
  2 cane toads (Lair:1)
  2 komodo dragons
  A hornet (D:7)
  A blink frog (Lair:1)
  Sigmund (D:3)
  3 yaks (Lair:1)
  Eustachio (D:5)
  A steam dragon (D:7)
  2 water moccasins (D:5)
  3 sky beasts
  2 black bears
  4 wolves (Lair:1)
  2 centaurs
  3 phantoms
  A kobold brigand (D:6)
  3 bullfrogs
  2 scorpions
  5 gnoll sergeants
  3 wights (D:6)
  A hound (D:7)
  2 jellies
  8 orc priests
  Crazy Yiuf (D:5)
  A gnoll bouda (D:7)
  3 sleepcaps
  Ijyb (D:4)
  7 iguanas
  11 orc wizards
  Robin (D:4)
  24 gnolls
  10 adders
  2 river rats (D:3)
  A shadow imp (D:6)
  A white imp (D:8)
  2 dart slugs (D:3)
  17 orcs
  2 ball pythons
  3 endoplasms
  2 giant cockroaches
  5 goblins
  17 hobgoblins
  10 jackals
  8 quokkas
  6 bats
  2 frilled lizards (D:2)
  19 kobolds
  4 rats
213 creatures vanquished.

Notes
Turn   | Place    | Note
-------+----------+-------------------------------------------
     0 | D:1      | seaoflcl the Minotaur Fighter began the quest for the Orb.
     0 | D:1      | Reached XP level 1. HP: 19/19 MP: 0/0
   397 | D:1      | Reached XP level 2. HP: 24/27 MP: 1/1
  1157 | D:2      | Found Jilicag's Armour Shoppe.
  1432 | D:3      | Noticed Sigmund
  1440 | D:3      | Killed Sigmund
  1441 | D:3      | Reached XP level 3. HP: 28/34 MP: 2/2
  1441 | D:3      | Reached XP level 4. HP: 34/41 MP: 3/3
  1441 | D:3      | Reached XP level 5. HP: 39/47 MP: 4/4
  1640 | D:3      | Identified the +7 mace of Evoemu {drain, Str+2}
  1815 | D:3      | Noticed a golden eye
  1817 | D:3      | Found a faded altar of an unknown god.
  1819 | D:3      | Noticed an eye of devastation
  1819 | D:3      | Noticed a shining eye
  1819 | D:3      | Noticed a floating eye
  2063 | D:3      | Reached skill level 1 in Maces & Flails
  2079 | D:3      | Reached XP level 6. HP: 53/55 MP: 5/5
  2346 | D:4      | Noticed Robin
  2347 | D:4      | Noticed Ijyb
  2356 | D:4      | Killed Ijyb
  2361 | D:4      | Reached skill level 1 in Throwing
  2364 | D:4      | Killed Robin
  2365 | D:4      | Reached skill level 5 in Armour
  2365 | D:4      | Reached skill level 5 in Shields
  2378 | D:4      | Reached skill level 5 in Fighting
  2378 | D:4      | Reached skill level 2 in Maces & Flails
  3041 | D:4      | Reached XP level 7. HP: 59/61 MP: 6/6
  3107 | D:4      | Reached skill level 3 in Maces & Flails
  3227 | D:5      | Entered Level 5 of the Dungeon
  3367 | D:5      | Reached skill level 4 in Maces & Flails
  3464 | D:5      | Noticed Eustachio
  3492 | D:5      | Killed Eustachio
  3493 | D:5      | Reached XP level 8. HP: 69/70 MP: 7/7
  3497 | D:5      | Reached skill level 5 in Maces & Flails
  3867 | D:5      | Found a sparkling altar of Nemelex Xobeh.
  4449 | D:5      | Reached skill level 6 in Maces & Flails
  4497 | D:5      | Found a runed translucent door.
  4498 | D:5      | Noticed Crazy Yiuf
  4503 | D:5      | Killed Crazy Yiuf
  5000 | D:6      | Reached skill level 7 in Maces & Flails
  5002 | D:6      | Reached XP level 9. HP: 60/78 MP: 8/8
  5828 | D:7      | Reached skill level 8 in Maces & Flails
  6696 | D:7      | Found a staircase to the Ecumenical Temple.
  6701 | D:7      | Reached skill level 9 in Maces & Flails
  6701 | D:7      | Reached skill level 5 in Throwing
  6837 | Temple   | Entered the Ecumenical Temple
  6874 | Temple   | Became a worshipper of Warmaster Okawaru
  7232 | D:8      | Found a staircase to the Lair.
  7233 | D:8      | Noticed a komodo dragon
  7250 | D:8      | Killed a komodo dragon
  7251 | D:8      | Reached XP level 10. HP: 47/88 MP: 9/9
  7625 | D:8      | Noticed an ice statue
  7671 | Lair:1   | Entered Level 1 of the Lair of Beasts
  7696 | Lair:1   | Noticed a cane toad
  7701 | Lair:1   | Killed a cane toad
  7708 | Lair:1   | Found a transporter.
  7710 | Lair:1   | Found a transporter.
  7711 | Lair:1   | Noticed Firil's ghost (journeyman OpFE)
  7726 | Lair:1   | Reached * piety under Okawaru
  7869 | Lair:1   | Reached skill level 10 in Maces & Flails
  7878 | Lair:1   | Noticed Nergalle
  7931 | Lair:1   | Noticed a cane toad
  7935 | Lair:1   | Noticed Maggie
  7957 | Lair:1   | Killed a cane toad
  7957 | Lair:1   | Reached ** piety under Okawaru
  7958 | Lair:1   | Slain by a komodo dragon

Illustrated notes

Levels and vault maps discovered:
D:1:      shiori_arrival_oz, layout_basic, feat_on_display
D:2:      layout_loops_ring, serial_shops, shop, minmay_misc_feat_roman,
          kennysheep_generic_room_7
D:3:      layout_loops_ring, hellmonk_ecumenical_altar_watching_god,
          gup_sewer_entry_spiral, minmay_misc_feat_diagonals, uniq_sigmund
D:4:      layout_cave_pods, palyth_stone_intersect, dk_noncrumbling_2,
          st_stairs_7, nicolae_goblin_pals
D:5:      layout_loops_cross, nemelex_xobeh_ov_fountains_minmay,
          uniq_crazy_yiuf_cottage, uniq_eustachio
D:6:      layout_loops_cross
D:7:      kennysheep_housing_project, layout_basic, minmay_temple_entry_hall
D:8:      lemuel_ice_statue, layout_gridville, david_lair_shrubbed, st_stairs_1,
          small_statue_intersection
Temple:   cyrus_circular_temple
Lair:1:   layout_hall_layers, gauntlet_entry_generic, gammafunk_ghost_hive,
          infiniplex_staircase_pool_2, grunt_megastairs_5, uniq_maggie,
          uniq_nergalle

Skill      XL: |  1  2  3  4  5  6  7  8  9 10 |
---------------+-------------------------------+-----
Axes           | 4 |  4.9
Fighting       | 4 5 6 8 |  8.7
Armour         | 4 5 6 8 |  8.7
Shields        | 4 5 6 8 |  8.6
Maces & Flails | 1 2 4 7 9 10 | 10.4
Throwing       | 1 2 3 5 |  5.8

Action                     |  1- 3 |  4- 6 |  7- 9 | 10-12 || total
---------------------------+-------+-------+-------+-------++-------
  Melee: War axe           |    52 |    20 |       |       ||    72
         Headbutt          |     3 |     8 |    61 |    15 ||    87
         Mace              |       |    69 |   305 |    53 ||   427
 Invoke: Heroism           |       |       |       |     1 ||     1
    Use: Potion            |     1 |       |       |     1 ||     2
         Scroll            |       |       |       |    13 ||    13
 Armour: Plate armour      |    40 |    62 |   164 |    29 ||   295
  Dodge: Dodged            |    24 |    53 |   183 |    33 ||   293
  Block: Buckler           |     9 |    27 |    74 |    15 ||   125
